 Dungeon Crawl Stone Soup version 0.18.1-48-g4cf74bf (webtiles) character file.

68 towersofbeng the Grave Robber (level 4, -4/30 HPs)
             Began as a Demonspawn Necromancer on Sept 7, 2016.
             Was an Initiate of Yredelemnul.
             Slain by an ogre
             ... wielding a +0 giant club
              (20 damage)
             ... on level 5 of the Dungeon.
             The game lasted 00:06:44 (3080 turns).

towersofbeng the Grave Robber (DsNe)                Turns: 3080, Time: 00:06:45

Health: -4/30      AC:  4    Str:  9    XL:     4   Next: 1%
Magic:  0/7        EV: 12    Int: 17    God:    Yredelemnul [......]
Gold:   88         SH:  0    Dex: 13    Spells: 2 memorised, 4 levels left

rFire  . . .     SeeInvis .     j - +0 short sword
rCold  + . .     Gourm    .     s - +1 animal skin
rNeg   . . .     Faith    .     (no shield)
rPois  .         Spirit   .     t - +0 helmet
rElec  .         Dismiss  .     (no cloak)
rCorr  .         Reflect  .     (no gloves)
SustAt .         Harm     .     (no boots)
MR     .....                    (no amulet)
Stlth  +++.......               (no ring)
                                (no ring)

@: not resistant to hostile enchantments, fairly stealthy
A: cold resistance 1, nightstalker 1, freezing cloud immunity
a: Renounce Religion


You were on level 5 of the Dungeon.
You worshipped Yredelemnul.
Yredelemnul was noncommittal.
You were hungry.

You visited 1 branch of the dungeon, and saw 5 of its levels.

You collected 88 gold pieces.

Inventory:

Hand Weapons
 j - a +0 short sword (weapon)
 u - a +0 vampiric spear
 w - a +0 scimitar
Armour
 a - a +0 robe
 d - a +0 leather armour
 f - a +0 scale mail
 m - a +0 shield
 s - a +1 animal skin (worn)
 t - a +0 helmet (worn)
Wands
 q - a wand of polymorph (13/24)
Scrolls
 g - a scroll of amnesia {unknown}
 h - 2 scrolls of immolation {unknown}
 i - 2 scrolls of recharging {unknown}
 l - a scroll of identify {unknown}
 o - a scroll of noise {unknown}
 x - a scroll of enchant armour {unknown}
Potions
 e - a potion of agility {unknown}
 k - a potion of flight {unknown}
 n - 2 potions of curing {unknown}
 r - a potion of ambrosia {unknown}
 v - a potion of haste {unknown}
Books
 b - a book of Necromancy

   Spells                             Type                      Level
   a - Pain                           Necromancy                   1
   b - Animate Skeleton               Necromancy                   1
   c - Vampiric Draining              Necromancy                   3
   d - Regeneration                   Charms/Necromancy            3
   e - Animate Dead                   Necromancy                   4
   f - Control Undead                 Necromancy                   4
Comestibles
 c - a bread ration
 p - a slice of pizza


   Skills:
 + Level 0.5 Armour
 + Level 2.3 Dodging
 + Level 1.9 Stealth
 + Level 2.5 Spellcasting
 + Level 5.2 Necromancy


You had 4 spell levels left.
You knew the following spells:

 Your Spells              Type           Power        Failure   Level  Hunger
a - Pain                  Necr           ###.         2%          1    #......
b - Regeneration          Chrm/Necr      ##........   21%         3    ###....


Dungeon Overview and Level Annotations

Branches:
Dungeon (5/15)
 Temple: D:4-7

Altars:
Qazlal
Yredelemnul

Annotations:
D:3 theRoog's ghost, weakling MiBe


Innate Abilities, Weirdness & Mutations

Your flesh is cold resistant.
You are slightly more attuned to the shadows.
You are immune to freezing clouds.


Message History

Confirm with . or Enter, or press ? or * to list all spells.
Aiming: Pain
Press: ? - help, Shift-Dir - straight line, f/p - ogre
Aim: an ogre, wielding a giant club (moderately wounded, chance to defeat MR: 80%)
The ogre convulses in agony!
Casting: Pain
Confirm with . or Enter, or press ? or * to list all spells.
Aiming: Pain
Press: ? - help, Shift-Dir - straight line, f/p - ogre
Aim: an ogre, wielding a giant club (severely wounded, chance to defeat MR: 80%)
The ogre convulses in agony!
The ogre hits you with a giant club!
A gnoll comes into view. It is wielding a whip.
Unknown command.
The gnoll shouts!
You hit the ogre.
The ogre is severely wounded.
The ogre hits you with a giant club!!
Ouch! That really hurt!
You die...
Your body rises from the dead as a mindless zombie.

....#
....
...
##.g#
#...
##..
#..#
##Og#
#.@##
#..#
#..##
#.#
..
#.#
..
#.#


You could see an ogre and 2 gnolls.

Vanquished Creatures
  Robin (D:2)
  A dart slug (D:1)
  3 giant geckos
  4 bats
  4 giant cockroaches
  8 goblins
  9 hobgoblins
  3 jackals
  7 kobolds
  2 giant newts (D:1)
  4 rats
46 creatures vanquished.

Notes
Turn   | Place    | Note
--------------------------------------------------------------
     0 | D:1      | towersofbeng the Demonspawn Necromancer began the quest for the Orb.
     0 | D:1      | Reached XP level 1. HP: 13/13 MP: 3/3
   236 | D:1      | Gained mutation: Your flesh is cold resistant. [demonic ancestry]
   236 | D:1      | Reached XP level 2. HP: 15/19 MP: 0/5
   512 | D:1      | Reached skill level 5 in Necromancy
  1269 | D:2      | Found a basalt altar of Yredelemnul.
  1304 | D:2      | Gained mutation: You are immune to freezing clouds. [demonic ancestry]
  1304 | D:2      | Reached XP level 3. HP: 23/24 MP: 3/6
  1904 | D:2      | Found a stormy altar of Qazlal.
  1965 | D:2      | Became a worshipper of Yredelemnul the Dark
  2123 | D:3      | Noticed Robin
  2348 | D:2      | Killed Robin
  2912 | D:3      | Learned a level 3 spell: Regeneration
  2998 | D:3      | Noticed theRoog's ghost (weakling MiBe)
  3047 | D:4      | Noticed an ogre
  3072 | D:5      | Entered Level 5 of the Dungeon
  3072 | D:5      | Noticed an ogre
  3075 | D:5      | Gained mutation: You are slightly more attuned to the shadows. [demonic ancestry]
  3075 | D:5      | Reached XP level 4. HP: 30/30 MP: 4/7
  3080 | D:5      | Slain by an ogre

Skill      XL: |  1  2  3 |
---------------+----------+-----
Necromancy     | 5 |  5.2
Dodging        | 2 |  2.3
Armour         | |  0.5
Stealth        | |  1.9
Spellcasting   | |  2.5

Action                   |  1- 3 |  4- 6 || total
-------------------------+-------+-------++-------
Melee: Dagger            |     1 |       ||     1
       Short sword       |    18 |     1 ||    19
 Cast: Pain              |    68 |     5 ||    73
 Stab: Sleeping          |     2 |       ||     2
  Eat: Chunk             |     2 |       ||     2
       Bread ration      |     1 |       ||     1
Armor: Leather armour    |     7 |       ||     7
       Animal skin       |    14 |       ||    14
Dodge: Dodged            |    28 |       ||    28
